SAA
YAKIMA HOPS @ ASHEVILLE HIGHLANDERS
09/02/2023
 
TOP OF THE 1ST
Yakima Hops batting - Pitching for Asheville Highlanders : LHP Homer O'Lannigan
Pitching: LHP Homer O'Lannigan
Batting: RHB Abraham Jacobs 0-0: Called Strike
0-1: Foul Ball, location: 2F
0-2: Ball
1-2: Ball
2-2: Ball
3-2: Strikes out swinging
Batting: LHB Jorge Vargas 0-0: Fly out, F9 (Flyball, 89M)
Batting: RHB Júlio Molina 0-0: Swinging Strike
0-1: Ball
1-1: Foul Ball, location: 2F
1-2: TRIPLE (Flyball, 9LM)
Batting: RHB Joe Phillips 0-0: Fly out, F5 (Line Drive, 5L)
Top of the 1st over - 0 run(s), 1 hit(s), 0 error(s), 1 left on base; Yakima 0 - Asheville 0
BOTTOM OF THE 1ST
Asheville Highlanders batting - Pitching for Yakima Hops : LHP Gerardo García
Pitching: LHP Gerardo García
Batting: RHB Chris Oudekirk 0-0: SINGLE (Flyball, 9S)
Batting: RHB Víctor López 0-0: Grounds into double play, 6-4-3 (Groundball, 6)
Batting: RHB Paco Vásquez 0-0: Ball
1-0: Foul Ball, location: 2F
1-1: Swinging Strike
1-2: Ground out 6-3 (Groundball, 6M)
Bottom of the 1st over - 0 run(s), 1 hit(s), 0 error(s), 0 left on base; Yakima 0 - Asheville 0
TOP OF THE 2ND
Yakima Hops batting - Pitching for Asheville Highlanders : LHP Homer O'Lannigan
Batting: RHB Edgar García 0-0: Called Strike
0-1: Ball
1-1: Ball
2-1: Ball
3-1: Called Strike
3-2: Foul Ball, location: 2F
3-2: Base on Balls
Batting: RHB Ricardo Téllez 0-0: SINGLE (Groundball, 56) (infield hit)
Edgar García to second
Batting: RHB Vicente Rodríguez 0-0: Called Strike
0-1: Foul Ball, location: 2F
0-2: Ball
1-2: Ball
2-2: Strikes out looking
Batting: LHB Miguel Juárez 0-0: Ball
1-0: Called Strike
1-1: Ball
2-1: Swinging Strike
2-2: Strikes out swinging
Batting: SHB Esteban Lugo 0-0: Foul Ball, location: 2F
0-1: Ball
1-1: Swinging Strike
1-2: Strikes out looking
Top of the 2nd over - 0 run(s), 1 hit(s), 0 error(s), 2 left on base; Yakima 0 - Asheville 0
BOTTOM OF THE 2ND
Asheville Highlanders batting - Pitching for Yakima Hops : LHP Gerardo García
Batting: RHB Raúl Ortíz 0-0: Called Strike
0-1: Ball
1-1: Ball
2-1: Swinging Strike
2-2: Ball
3-2: Foul Ball, location: 2F
3-2: Foul Ball, location: 2F
3-2: Ground out 2-3 (Groundball, 23)
Batting: RHB Bryce Bancroft 0-0: Ball
1-0: Swinging Strike
1-1: Ground out 4-3 (Groundball, 4M)
Batting: SHB Gonzalo Valentín 0-0: Swinging Strike
0-1: SINGLE (Groundball, 6MD)
Batting: RHB Eduardo Checchinato 0-0: Ball
1-0: Fielders Choice at 2nd, U6 (Groundball, 6M)
Bottom of the 2nd over - 0 run(s), 1 hit(s), 0 error(s), 1 left on base; Yakima 0 - Asheville 0
TOP OF THE 3RD
Yakima Hops batting - Pitching for Asheville Highlanders : LHP Homer O'Lannigan
Batting: RHB Abraham Jacobs 0-0: Foul Ball, location: 2F
0-1: Foul Ball, location: 2F
0-2: SINGLE (Popup, 8LS)
Batting: LHB Jorge Vargas 0-0: Called Strike
0-1: Ball
1-1: 2-RUN HOME RUN (Line Drive, 8LXD), Distance : 438 ft
Batting: RHB Júlio Molina 0-0: Called Strike
0-1: Ball
1-1: DOUBLE (Line Drive, 7LS)
Batting: RHB Joe Phillips 0-0: Foul Ball, location: 2F
0-1: Foul Ball, location: 2F
0-2: Ball
1-2: SINGLE (Line Drive, 8RS)
Júlio Molina to third
Runner from 3rd tries for Home, SAFE, no throw or cutoff
Batting: RHB Edgar García 0-0: Called Strike
0-1: Ball
1-1: Ball
2-1: Foul Ball, location: 2F
2-2: Fly out, F9 (Flyball, 89M)
Batting: RHB Ricardo Téllez 0-0: Ball
1-0: SINGLE (Flyball, 8LS)
Joe Phillips to second
Batting: RHB Vicente Rodríguez 0-0: Ball
1-0: Called Strike
1-1: Ball
2-1: Fly out, F8 (Flyball, 8RM)
Batting: LHB Miguel Juárez 0-0: Fly out, F9 (Line Drive, 9M)
Top of the 3rd over - 3 run(s), 5 hit(s), 0 error(s), 2 left on base; Yakima 3 - Asheville 0
BOTTOM OF THE 3RD
Asheville Highlanders batting - Pitching for Yakima Hops : LHP Gerardo García
Batting: RHB José Rivera 0-0: Ball
1-0: Fly out, F5 (Popup, 5F)
Batting: RHB Edén Mont 0-0: Ball
1-0: Ground out 5-3 (Groundball, 56)
Batting: RHB Chris Oudekirk 0-0: Called Strike
0-1: Ball
1-1: Ball
2-1: Foul Ball, location: 2F
2-2: Strikes out swinging
Bottom of the 3rd over - 0 run(s), 0 hit(s), 0 error(s), 0 left on base; Yakima 3 - Asheville 0
TOP OF THE 4TH
Yakima Hops batting - Pitching for Asheville Highlanders : LHP Homer O'Lannigan
Batting: SHB Esteban Lugo 0-0: Ball
1-0: Ball
2-0: Ball
3-0: Called Strike
3-1: Base on Balls
Batting: RHB Abraham Jacobs 0-0: Ball
1-0: Called Strike
1-1: Grounds into double play, 6-4-3 (Groundball, 6)
Batting: LHB Jorge Vargas 0-0: Fly out, F6 (Popup, 6MD)
Top of the 4th over - 0 run(s), 0 hit(s), 0 error(s), 0 left on base; Yakima 3 - Asheville 0
BOTTOM OF THE 4TH
Asheville Highlanders batting - Pitching for Yakima Hops : LHP Gerardo García
Batting: RHB Víctor López 0-0: Bunted foul
0-1: SINGLE (Line Drive, 4M)
Batting: RHB Paco Vásquez 0-0: Ball
Víctor López is caught stealing 2nd base
1-0: Ball
2-0: Called Strike
2-1: Foul Ball, location: 2F
2-2: SINGLE (Groundball, 56D)
Batting: RHB Raúl Ortíz 0-0: Called Strike
0-1: Ball
1-1: Ball
2-1: Grounds into double play, 6-4-3 (Groundball, 6)
Bottom of the 4th over - 0 run(s), 2 hit(s), 0 error(s), 0 left on base; Yakima 3 - Asheville 0
TOP OF THE 5TH
Yakima Hops batting - Pitching for Asheville Highlanders : LHP Homer O'Lannigan
Batting: RHB Júlio Molina 0-0: Ball
1-0: Foul Ball, location: 2F
1-1: Swinging Strike
1-2: Ball
2-2: Strikes out swinging
Batting: RHB Joe Phillips 0-0: Foul Ball, location: 2F
0-1: Ball
1-1: Ball
2-1: Foul Ball, location: 2F
2-2: Strikes out swinging
Batting: RHB Edgar García 0-0: Swinging Strike
0-1: Foul Ball, location: 2F
0-2: Ball
1-2: Foul Ball, location: 2F
1-2: Ball
2-2: Fly out, F8 (Flyball, 8RXD)
Top of the 5th over - 0 run(s), 0 hit(s), 0 error(s), 0 left on base; Yakima 3 - Asheville 0
BOTTOM OF THE 5TH
Asheville Highlanders batting - Pitching for Yakima Hops : LHP Gerardo García
Batting: RHB Bryce Bancroft 0-0: Ball
1-0: Ball
2-0: Fly out, F7 (Flyball, 78M)
Batting: SHB Gonzalo Valentín 0-0: Fly out, F6 (Line Drive, 6M)
Batting: RHB Eduardo Checchinato 0-0: Ball
1-0: Ball
2-0: Fly out, F9 (Flyball, 89XD)
Bottom of the 5th over - 0 run(s), 0 hit(s), 0 error(s), 0 left on base; Yakima 3 - Asheville 0
TOP OF THE 6TH
Yakima Hops batting - Pitching for Asheville Highlanders : LHP Homer O'Lannigan
Batting: RHB Ricardo Téllez 0-0: SINGLE (Line Drive, 8LS)
Batting: RHB Vicente Rodríguez 0-0: Sac Bunt - play at first, batter OUT! 5-4
Ricardo Téllez to second
Batting: LHB Miguel Juárez 0-0: Ball
1-0: Foul Ball, location: 2F
1-1: Ball
2-1: Swinging Strike
2-2: Strikes out looking
Batting: SHB Esteban Lugo 0-0: Called Strike
0-1: Swinging Strike
0-2: Ball
Wild Pitch!
Ricardo Téllez to third
1-2: Foul Ball, location: 2F
1-2: Ball
2-2: Strikes out looking
Top of the 6th over - 0 run(s), 1 hit(s), 0 error(s), 1 left on base; Yakima 3 - Asheville 0
BOTTOM OF THE 6TH
Asheville Highlanders batting - Pitching for Yakima Hops : LHP Gerardo García
Batting: RHB José Rivera 0-0: Ball
1-0: Ball
2-0: Ball
3-0: Called Strike
3-1: Base on Balls
Batting: RHB Edén Mont 0-0: Sac Bunt - play at first, batter OUT! U3
José Rivera to second
Batting: RHB Chris Oudekirk 0-0: Ball
1-0: Fly out, F9 (Line Drive, 9M)
Batting: RHB Víctor López 0-0: Ball
1-0: 2-RUN HOME RUN (Flyball, 78XD), Distance : 415 ft
Batting: RHB Paco Vásquez 0-0: Ball
1-0: Called Strike
1-1: SINGLE (Flyball, 9LS)
Batting: RHB Raúl Ortíz 0-0: Ball
Passed Ball!
Paco Vásquez to second
1-0: Fly out, F4 (Popup, 34)
Bottom of the 6th over - 2 run(s), 2 hit(s), 0 error(s), 1 left on base; Yakima 3 - Asheville 2
TOP OF THE 7TH
Yakima Hops batting - Pitching for Asheville Highlanders : LHP Homer O'Lannigan
Batting: RHB Abraham Jacobs 0-0: Called Strike
0-1: Swinging Strike
0-2: Ball
1-2: Ball
2-2: Ball
3-2: Foul Ball, location: 2F
3-2: Foul Ball, location: 2F
3-2: Fly out, F7 (Flyball, 8LM)
Pitching: LHP Joaquín Ramírez
Batting: LHB Jorge Vargas 0-0: Ground out 6-3 (Groundball, 6M)
Batting: RHB Júlio Molina 0-0: Called Strike
0-1: Ball
1-1: DOUBLE (Flyball, 8RXD)
Batting: RHB Joe Phillips 0-0: Called Strike
0-1: Foul Ball, location: 2F
0-2: Ball
1-2: Ground out 6-3 (Groundball, 6)
Top of the 7th over - 0 run(s), 1 hit(s), 0 error(s), 1 left on base; Yakima 3 - Asheville 2
BOTTOM OF THE 7TH
Asheville Highlanders batting - Pitching for Yakima Hops : LHP Gerardo García
Batting: RHB Bryce Bancroft 0-0: Swinging Strike
0-1: Ball
1-1: Ball
2-1: Ground out 5-3 (Groundball, 56)
Batting: SHB Gonzalo Valentín 0-0: Ball
1-0: SINGLE (Groundball, 56D)
Batting: RHB Eduardo Checchinato 0-0: Ball
1-0: Grounds into double play, 5-4-3 (Groundball, 56)
Bottom of the 7th over - 0 run(s), 1 hit(s), 0 error(s), 0 left on base; Yakima 3 - Asheville 2
TOP OF THE 8TH
Yakima Hops batting - Pitching for Asheville Highlanders : LHP Joaquín Ramírez
Batting: RHB Edgar García 0-0: Called Strike
0-1: Swinging Strike
0-2: Ball
1-2: Strikes out swinging
Batting: RHB Ricardo Téllez 0-0: Ball
1-0: Ball
2-0: Foul Ball, location: 2F
2-1: Ball
3-1: Called Strike
3-2: Fly out, F7 (Flyball, 7LMF)
Batting: RHB Vicente Rodríguez 0-0: Called Strike
0-1: Swinging Strike
0-2: Ball
1-2: TRIPLE (Line Drive, 9LS)
Pinch Hitting: RHB Manuel Martínez 0-0: Ball
1-0: Foul Ball, location: 2F
1-1: Foul Ball, location: 2F
1-2: Ball
2-2: Strikes out swinging
Top of the 8th over - 0 run(s), 1 hit(s), 0 error(s), 1 left on base; Yakima 3 - Asheville 2
BOTTOM OF THE 8TH
Asheville Highlanders batting - Pitching for Yakima Hops : LHP Gerardo García
Now at 2B: Gabriel Juárez
Now in RF: Jim Unknown
Batting: RHB José Rivera 0-0: Ball
1-0: Foul Ball, location: 2F
1-1: Swinging Strike
1-2: Ball
2-2: Foul Ball, location: 2F
2-2: Ball
3-2: Ground out 6-3 (Groundball, 6)
Batting: RHB Edén Mont 0-0: Ball
1-0: Foul Ball, location: 2F
1-1: Swinging Strike
1-2: Ball
2-2: Ball
3-2: Foul Ball, location: 2F
3-2: Fly out, F9 (Line Drive, 9LM)
Batting: RHB Chris Oudekirk 0-0: Swinging Strike
0-1: Fly out, F9 (Flyball, 89M)
Bottom of the 8th over - 0 run(s), 0 hit(s), 0 error(s), 0 left on base; Yakima 3 - Asheville 2
TOP OF THE 9TH
Yakima Hops batting - Pitching for Asheville Highlanders : LHP Joaquín Ramírez
Batting: SHB Esteban Lugo 0-0: Called Strike
0-1: Fly out, F2 (Popup, 2L)
Batting: RHB Abraham Jacobs 0-0: Foul Ball, location: 2F
0-1: SINGLE (Groundball, 34S) (infield hit)
Batting: LHB Jorge Vargas 0-0: Ball
1-0: DOUBLE (Flyball, 8RXD)
Abraham Jacobs to third
Batting: RHB Júlio Molina 0-0: Called Strike
0-1: Called Strike
0-2: Strikes out swinging
Batting: RHB Joe Phillips 0-0: Called Strike
0-1: Ball
1-1: Fly out, F8 (Flyball, 8LM)
Top of the 9th over - 0 run(s), 2 hit(s), 0 error(s), 2 left on base; Yakima 3 - Asheville 2
BOTTOM OF THE 9TH
Asheville Highlanders batting - Pitching for Yakima Hops : LHP Gerardo García
Pitching: RHP Jim Unknown
Now at 1B: William Miles
Pinch Hitting: RHB Claudio Torres 0-0: Ball
1-0: Swinging Strike
1-1: Ball
2-1: Ball
3-1: Base on Balls
Batting: RHB Paco Vásquez 0-0: Called Strike
0-1: SINGLE (Line Drive, 6MD)
Claudio Torres to second
Batting: RHB Raúl Ortíz 0-0: Ball
1-0: Ball
2-0: Called Strike
2-1: Called Strike
2-2: Foul Ball, location: 2F
2-2: Foul Ball, location: 2F
2-2: Ball
3-2: Base on Balls
Claudio Torres to third
Paco Vásquez to second
Batting: RHB Bryce Bancroft 0-0: Ball
1-0: Grounds into double play, 4-2-3 (Groundball, 4M)
Paco Vásquez to third
Raúl Ortíz to second
Batting: SHB Gonzalo Valentín 0-0: Called Strike
0-1: Ball
Wild Pitch!
Paco Vásquez scores
Raúl Ortíz to third
1-1: Foul Ball, location: 2F
1-2: SINGLE (Line Drive, 6MD)
Raúl Ortíz scores
This league is powered by Out of the Park Baseball, the baseball management simulation game for PC, Mac and Linux
Friday, July 8th, 2016 - OOTP Baseball 16.9 Build 39